 Dungeon Crawl Stone Soup version 0.21.1-1-g345015f (webtiles) character file.

221 Fang the Skirmisher (level 5, -3/34 HPs)
             Began as a Gargoyle Berserker on May 10, 2018.
             Was a Believer of Trog.
             Slain by a worm (7 damage)
             ... on level 3 of the Dungeon.
             The game lasted 00:03:26 (2454 turns).

Fang the Skirmisher (Gargoyle Berserker)            Turns: 2454, Time: 00:03:26

Health: -3/34      AC:  6    Str: 21    XL:     5   Next: 98%
Magic:  5/5        EV: 12    Int:  8    God:    Trog [**....]
Gold:   64         SH:  0    Dex:  9    Spells: 4/4 levels left

rFire    . . .     SeeInvis .   a - +0 hand axe
rCold    . . .     Gourm    .   (no shield)
rNeg     + + .     Faith    .   b - +0 animal skin
rPois    ∞         Spirit   .   (no helmet)
rElec    +         Reflect  .   (no cloak)
rCorr    .         Harm     .   (no gloves)
MR       .....                  (no boots)
Stlth    +.........             (no amulet)
HPRegen  0.11/turn              h - ring of positive energy
MPRegen  0.09/turn              k - ring of poison resistance

@: berserk cooldown, slowed, very slow
A: negative energy resistance 1, electricity resistance, unbreathing,
petrification resistance, rot immunity, AC +4
a: Berserk, Trog's Hand, Burn Spellbooks, Renounce Religion


You were on level 3 of the Dungeon.
You worshipped Trog.
Trog was pleased with you.
You were near starving.

You visited 1 branch of the dungeon, and saw 3 of its levels.

You collected 64 gold pieces.

Inventory:

Hand Weapons
 a - a +0 hand axe (weapon)
Armour
 b - a +0 animal skin (worn)
Jewellery
 h - a ring of positive energy (left hand)
 k - a ring of poison resistance (right hand)
Scrolls
 d - a scroll of blinking {unknown}
 f - 3 scrolls of teleportation {unknown}
 g - a scroll of enchant armour {unknown}
 i - a scroll of fog {unknown}
 m - a scroll of enchant weapon {unknown}
 n - 2 scrolls of identify {unknown}
Potions
 e - 2 potions of berserk rage {unknown}
 j - a potion of mutation {unknown}
 l - a potion of curing {unknown}
 o - a potion of haste {unknown}
Comestibles
 c - 5 rations


   Skills:
 + Level 4.7 Fighting
 + Level 4.0 Axes
 + Level 2.4 Armour
 + Level 3.0 Dodging
 + Level 0.5 Stealth


You had 4 spell levels left.
You didn't know any spells.

Dungeon Overview and Level Annotations

Branches:
Dungeon (3/15)

Altars:
Trog
Zin


Innate Abilities, Weirdness & Mutations

You are resistant to torment.
Your stone body is resilient. (AC +4)
You are immune to poison.
You resist negative energy. (rN+)
You are resistant to electric shocks. (rElec)
You can survive without breathing.
You are immune to petrification.
You are immune to rotting.


Message History

You see here a rat corpse.
Unknown command.
You feel a strong urge to attack something.
The worm bites you.
* * * LOW HITPOINT WARNING * * *
Unknown command.
The rat misses you.
You slash the rat!
You kill the rat!
Trog accepts your kill.
You barely miss the rat. The rat bites you but does no damage.
Unknown command.
The rat bites you but does no damage.
Unknown command.
You feel a strong urge to attack something.
You are no longer berserk.
You are exhausted.
You feel yourself slow down. The rat closely misses you. The worm bites you!
You die...

#.# #.# ##.......###
#.# #.# #.#
#.........# #.# #.#
#.# ##)...#....# #.#
#.# #.#
#....###...######.#
#.# #..
#.._.#y#........).#
#.# ###
#....###...###########
#.# #)...#....###
#...... #.######
#))...†...#.# #.#####
#......# ##..@r...##.#
#.#...# ######.#
###.w..##..# #.#.#.#
#.# #######..###.#.#.#
#.# #.##..(.....#.#
#.# #.##.####.###.#
#.# #.##.# #.....# #.#
#..#.########## #.#
##.#.#..†...... #.#
#...#.########


You could see a moth of wrath, a worm (berserk) and a rat.

Vanquished Creatures
  A bullfrog zombie (D:3)
  Natasha (thrice) (D:2)
  A gnoll (D:1)
  5 adders
  2 worms
  2 dart slugs (D:1)
  2 leopard geckos
  3 orcs (D:3)
  6 bats
  3 giant cockroaches
  6 goblins
  2 hobgoblins (D:2)
  3 quokkas
  2 frilled lizards (D:2)
  4 kobolds
  10 rats
55 creatures vanquished.

Notes
Turn   | Place    | Note
-------+----------+-------------------------------------------
     0 | D:1      | Fang the Gargoyle Berserker began the quest for the Orb.
     0 | D:1      | Reached XP level 1. HP: 14/14 MP: 1/1
   118 | D:2      | Reached XP level 2. HP: 19/19 MP: 2/2
   242 | D:2      | Noticed Natasha
   249 | D:2      | Reached XP level 3. HP: 24/24 MP: 3/3
   252 | D:2      | Killed Natasha
   379 | D:2      | Reached XP level 4. HP: 21/29 MP: 4/4
   392 | D:2      | Found a glowing silver altar of Zin.
   401 | D:2      | Noticed Natasha
   417 | D:2      | Killed Natasha
  1013 | D:2      | Noticed Natasha
  1022 | D:2      | Killed Natasha
  1022 | D:2      | Reached XP level 5. HP: 18/34 MP: 5/5
  1632 | D:1      | Reached ** piety under Trog
  2435 | D:3      | Noticed a moth of wrath
  2438 | D:3      | Found a bloodstained altar of Trog.
  2454 | D:3      | Slain by a worm

Skill      XL: |  1  2  3  4  5 |
---------------+----------------+-----
Axes           | 3 4 |  4.0
Fighting       | 4 |  4.7
Dodging        | 2 3 |  3.0
Armour         | |  2.4
Stealth        | |  0.5

Action                   |  1- 3 |  4- 6 || total
-------------------------+-------+-------++-------
Melee: Hand axe          |    44 |   197 ||   241
Invok: Berserk           |     1 |     4 ||     5
 Stab: Sleeping          |       |     1 ||     1
  Eat: Chunk             |       |     8 ||     8
Armor: Animal skin       |    15 |    64 ||    79
Dodge: Dodged            |    33 |   135 ||   168
